 Dungeon Crawl Stone Soup version 0.13-a0-2474-g552a472 (webtiles) character file.

141 Rycklaryybbe the Sneak (level 3, -5/23 HPs)
             Began as a Demonspawn Assassin on July 18, 2013.
             Killed by nerve-wracking pain
             ... invoked by Grinder
              (7 damage)
             ... on Level 3 of the Dungeon.
             The game lasted 00:04:37 (1724 turns).

Rycklaryybbe the Sneak (Demonspawn Assassin)        Turns: 1724, Time: 00:04:37

HP  -5/23        AC  2     Str 16      XL: 3   Next: 83%
MP   2/2         EV 11     Int 12      God:
Gold 80          SH  0     Dex 15      Spells:  0 memorised,  2 levels left

Res.Fire  : . . .   See Invis. : .   m - +1,+0 dagger (elec)
Res.Cold  : . . .   Warding    : .   s - +0 robe
Life Prot.: . . .   Conserve   : .   (no shield)
Res.Poison: .       Res.Corr.  : .   (helmet restricted)
Res.Elec. : .       Clarity    : .   d - +0 cloak
Sust.Abil.: . .     Spirit.Shd : .   (no gloves)
Res.Mut.  : .       Stasis     : .   (no boots)
Res.Rott. : .       Flight     : .   (no amulet)
Saprovore : . . .                    (no ring)
                                     x - ring of protection from magic {unknown}

@: mighty, somewhat resistant to hostile enchantments, stealthy
A: antennae 2, deformed body, -10% hp, screaming 1
a: no special abilities


You were on level 3 of the Dungeon.
You were hungry.

You visited 1 branch of the dungeon, and saw 3 of its levels.

You collected 30 gold pieces.

Inventory:

Hand weapons
 a - a +2,+2 dagger {=f}
 b - a +0 blowgun
 m - a +1,+0 dagger of electrocution (weapon)
 n - a +0,+0 spear
 t - a +0,+1 dagger of returning
Missiles
 e - 8 poisoned needles
 f - 2 curare-tipped needles
 j - 3 darts (quivered)
 k - 11 sling bullets
Armour
 c - a +0 robe
 d - a +0 cloak (worn)
 s - a +0 robe (worn)
Magical devices
 w - a wand of random effects (16) {unknown}
 y - a wand of fire (6) {unknown}
Comestibles
 g - 2 bread rations
 v - a banana
Scrolls
 i - a scroll of teleportation {unknown}
 l - 5 scrolls of identify {unknown}
 o - 2 scrolls of random uselessness {unknown}
 p - 2 scrolls of recharging {unknown}
 r - a scroll of magic mapping {unknown}
Jewellery
 x - a ring of protection from magic (left hand) {unknown}
 z - an uncursed amulet of faith {unknown}
Potions
 u - a potion of curing {unknown}


   Skills:
 - Level 2.0 Fighting
 + Level 3.2 Short Blades
 - Level 1.7 Throwing
 - Level 0.8 Dodging
 - Level 4.2 Stealth


You had 2 spell levels left.
You didn't know any spells.

Dungeon Overview and Level Annotations

Branches:
Dungeon (3/27)

Altars:

Annotations
D:3 Grinder


Innate Abilities, Weirdness & Mutations

You have a pair of antennae on your head.
Armour fits poorly on your strangely shaped body.
You are frail (-10% HP).
You occasionally shout uncontrollably.


Message History

Grinder hits you.
You writhe in agony.
You barely miss Grinder.
Grinder is lightly wounded.
Grinder hits you.
You writhe in agony.
Drink which item? (? for menu, Esc to quit)
You feel very mighty all of a sudden.
It was a potion of might.
Grinder says, "I used to sell toe-nails on the black market."
Grinder hits you!
* * * LOW HITPOINT WARNING * * *
Drink which item? (? for menu, Esc to quit)
You feel extremely strange.
You feel the urge to shout.
You feel frail.
Your body twists and deforms.
It was a potion of mutation.
Grinder gestures at you. You resist.
Grinder says, "Tell me all your secrets, or I'll kill you."
Grinder gestures at you. Pain shoots through your body!
You die...

#.......# #.#####.# #
#.# #.#########.##
#.#####.##.........#
#.##.......###.........
#.##>##.#### #.##..###.
#.##.##5# #.# ..#
#.##.##.# #.. ...
#.....@.# #.# .###
##.....## #.# # #.....#
#.. #.....# ### #.....#
##+## ####.## ##...##
#.### ##.....## ##.#.##
##.......##
#.....####.........#


You could see Grinder.

Vanquished Creatures
  Jessica (D:2)
  A giant mite (D:2)
  A worm (D:2)
  8 hobgoblins
  5 jackals
  3 kobolds
  5 bats
  2 goblins (D:1)
  3 rats
29 creatures vanquished.

Notes
Turn   | Place    | Note
--------------------------------------------------------------
     0 | D:1      | Rycklaryybbe, the Demonspawn Assassin, began the quest for the Orb.
     0 | D:1      | Reached XP level 1. HP: 15/15 MP: 0/0
   289 | D:1      | Reached skill level 4 in Stealth
   401 | D:1      | Gained mutation: You have a pair of small antennae on your head. [demonic ancestry]
   401 | D:1      | Reached XP level 2. HP: 19/21 MP: 1/1
   732 | D:2      | Noticed Jessica
   745 | D:2      | Killed Jessica
   745 | D:2      | Gained mutation: You have a pair of antennae on your head. [demonic ancestry]
   745 | D:2      | Reached XP level 3. HP: 11/26 MP: 2/2
  1697 | D:3      | Noticed Grinder
  1702 | D:3      | Paralysed by Grinder for 4 turns
  1721 | D:3      | Gained mutation: You occasionally shout uncontrollably. [potion of mutation]
  1721 | D:3      | Gained mutation: You are frail (-10% HP). [potion of mutation]
  1721 | D:3      | Gained mutation: Armour fits poorly on your strangely shaped body. [potion of mutation]
  1724 | D:3      | Killed from afar by Grinder

Action                   || total
-------------------------++-------
Melee: Dagger            ||    78
Throw: Dart              ||     4
  Use: Potion            ||     2
 Stab: Sleeping          ||     5
